 Dungeon Crawl Stone Soup version 0.26.0-10-g1f06aea511 (webtiles) character file.

Game seed: 16339361053690628159

2126 Aviak the Fighter (level 9, -5/81 HPs)
             Began as a Formicid Conjurer on Jan 21, 2021.
             Slain by an orc knight
             ... wielding a +0 halberd
              (27 damage)
             ... in a bailey.
             The game lasted 00:11:53 (8347 turns).

Aviak the Fighter (Formicid Conjurer)               Turns: 8347, Time: 00:11:54

Health: -5/81      AC:  8    Str: 15    XL:     9   Next: 54%
Magic:  3/12       EV: 18    Int: 18    God:
Gold:   382        SH:  0    Dex:  9    Spells: 9/12 levels left

rFire    . . .     SeeInvis +   k - +2 spear (freeze)
rCold    . . .     Faith    .   (no shield)
rNeg     . . .     Spirit   .   y - +0 leather armour
rPois    .         Reflect  .   (helmet unavailable)
rElec    .         Harm     .   (no cloak)
rCorr    .         Rampage  .   b - +0 pair of gloves
Will     .....                  (no boots)
Stlth    ++........             (no amulet)
HPRegen  0.23/turn              A - +4 ring of protection
MPRegen  0.13/turn              E - +4 ring of evasion

@: mighty
A: permanent stasis, dig shafts and tunnels, four strong arms, antennae 3
a: Dig


You were in a bailey.
You visited 2 branches of the dungeon, and saw 8 of its levels.
You also visited: Bailey.

You collected 462 gold pieces.
You spent 80 gold pieces at shops.

Inventory:

Hand Weapons
 d - a +0 battleaxe
 f - a +0 spear
 h - a +1 vorpal falchion
 i - a +0 halberd of flaming
 k - a +2 spear of freezing (weapon)
 v - a +2 dagger of venom
 B - a +0 broad axe
Armour
 a - a +0 robe
 b - a +0 pair of gloves (worn)
 l - a +0 ring mail
 y - a +0 leather armour (worn)
Jewellery
 m - an uncursed ring of ice
 A - a +4 ring of protection (left hand)
 E - a +4 ring of evasion (right hand)
 P - an uncursed ring of poison resistance
Scrolls
 g - a scroll of amnesia
 r - 2 scrolls of remove curse
 s - 3 scrolls of noise {unknown}
 u - a scroll of blinking {unknown}
 w - a scroll of enchant armour {unknown}
Potions
 c - a potion of curing
 e - a potion of magic {unknown}
 j - 3 potions of degeneration {unknown}
 n - a potion of ambrosia {unknown}
 o - a potion of might
 p - a potion of brilliance {unknown}
 q - 4 potions of invisibility {unknown}
 t - a potion of attraction {unknown}
 x - 2 potions of berserk rage {unknown}
 z - a potion of haste {unknown}


   Skills:
 + Level 11.0 Fighting
 - Level 6.0 Dodging
 - Level 2.4 Stealth
 - Level 2.1 Spellcasting
 - Level 3.6 Conjurations


You had 9 spell levels left.
You knew the following spells:

 Your Spells              Type           Power        Failure   Level
a - Magic Dart            Conj           56%          4%          1
b - Searing Ray           Conj           28%          8%          2

Your spell library contained the following spells:

 Spells                   Type           Power        Failure   Level
 Dazzling Flash           Conj/Hex       16%          30%         3
 Fulminant Prism          Conj/Hex       4%           71%         4
 Iskenderun's Mystic Bla  Conj/Tloc      8%           71%         4


Dungeon Overview and Level Annotations

Branches:
Dungeon (7/15)             Temple (1/1) D:4          Bailey (1/1)

Altars:
Ashenzari
Cheibriados
Elyvilon
Fedhas
Gozag
Hepliaklqana
Makhleb
Nemelex Xobeh
Qazlal
Ru
Sif Muna
Trog
Uskayaw
Wu Jian
Zin
The Shining One

Shops:
D:4 !


Innate Abilities, Weirdness & Mutations

You cannot be hasted, slowed, berserked, paralysed or teleported.
You can dig through walls and to a lower floor.
Your four strong arms can wield two-handed weapons with a shield.
You have a pair of large antennae on your head. (SInv)


Message History

The orc knight is heavily wounded.
The orc knight hits you from afar with a +0 halberd!
* * * LOW HITPOINT WARNING * * *
Unknown command.
You feel better.
c - 2 potions of curing;
o - 2 potions of might The orc knight barely misses you.
You reach to attack!
You hit the orc knight. You freeze the orc knight.
The orc knight is severely wounded.
The orc knight misses you.
You reach to attack!
You puncture the orc knight! You freeze the orc knight.
The orc knight is almost dead.
The orc knight hits you from afar with a +0 halberd!!
* * * LOW HITPOINT WARNING * * *
Things that are here:
a +0 spear; a +0 ring mail You feel mightier all of a sudden.
You feel better.
The orc knight hits you from afar with a +0 halberd!!
You die...

###########
##.........##
#..≈≈≈≈≈≈≈..##
..≈≈.....≈≈..##
.≈≈..###..≈≈..##########
≈≈..## ##.)≈≈..........#
≈..##.∩.##..≈≈≈≈≈≈≈≈≈≈.#
).##.... ##).)o)@....≈.#
######+###'#########.≈.#
..{.§...# ##.≈.#
≈≈≈≈≈§≈..# ##..≈.#
≈...))≈≈..# ##..≈≈.#
..⌠∩⌠).≈≈..# #..≈≈.∩#
...⌠...≈≈..#+#..≈≈.##
≈.....≈≈..##.##..≈≈.#
≈≈≈≈≈≈≈..'#...##.)≈.#


You could see an orc knight.

Vanquished Creatures
  Pikel (D:4)
  A water moccasin (D:6)
  4 orc warriors (Bailey)
  A phantom (D:5)
  An ogre (D:5)
  A centaur (D:5)
  2 lemures (D:5)
  2 bullfrogs
  2 scorpions
  A jelly (D:7)
  2 bullfrog skeletons
  A centaur skeleton (D:6)
  3 hounds
  An iguana (D:5)
  An orc wizard (D:5)
  Terence (D:2)
  5 worker ants
  A hound skeleton (D:6)
  2 worker ant zombies
  6 adders
  2 white imps
  3 worms
  4 dart slugs
  11 leopard geckos
  29 orcs
  2 ball pythons (D:3)
  15 bats
  7 giant cockroaches
  10 goblins
  7 hobgoblins
  8 jackals
  5 quokkas
  5 frilled lizards
  A jackal skeleton (D:5)
  2 jackal zombies
  6 kobolds
  A leopard gecko zombie (D:5)
  5 rats
162 creatures vanquished.

Vanquished Creatures (others)
  4 plants (D:4)
4 creatures vanquished.

Grand Total: 166 creatures vanquished

Notes
Turn   | Place    | Note
-------+----------+-------------------------------------------
     0 | D:1      | Aviak the Formicid Conjurer began the quest for the Orb.
     0 | D:1      | Reached XP level 1. HP: 13/13 MP: 3/3
   232 | D:1      | Reached XP level 2. HP: 17/19 MP: 3/5
   844 | D:1      | Reached XP level 3. HP: 23/24 MP: 2/6
   967 | D:1      | Learned a level 2 spell: Searing Ray
  1983 | D:2      | Noticed Terence
  1999 | D:2      | Killed Terence
  2000 | D:2      | Reached XP level 4. HP: 22/30 MP: 2/7
  2555 | D:2      | Found a hide-covered altar of Uskayaw.
  2601 | D:3      | Found a broken altar of Ashenzari.
  2634 | D:3      | Reached XP level 5. HP: 26/35 MP: 0/8
  3129 | D:3      | Found a bloodstained altar of Trog.
  3310 | D:3      | Reached skill level 5 in Dodging
  4037 | D:4      | Reached XP level 6. HP: 41/41 MP: 5/9
  4110 | D:4      | Found a staircase to the Ecumenical Temple.
  4127 | D:4      | Found Atipp's Distillery.
  4136 | Temple   | Entered the Ecumenical Temple
  4214 | D:4      | Bought a potion of curing for 30 gold pieces
  4214 | D:4      | Bought a potion of heal wounds for 50 gold pieces
  4769 | D:5      | Entered Level 5 of the Dungeon
  4832 | D:5      | Noticed Pikel
  4917 | D:4      | Killed Pikel
  4918 | D:4      | Reached skill level 6 in Fighting
  4918 | D:4      | Reached XP level 7. HP: 20/58 MP: 1/10
  4918 | D:4      | Reached XP level 8. HP: 22/64 MP: 1/11
  5479 | D:5      | Reached skill level 7 in Fighting
  6083 | D:5      | Reached skill level 8 in Fighting
  6427 | D:6      | Found a white marble altar of Elyvilon.
  6932 | D:6      | Reached skill level 9 in Fighting
  6932 | D:6      | Reached XP level 9. HP: 75/76 MP: 6/12
  7085 | D:6      | Found a glowing golden altar of the Shining One.
  7691 | D:7      | Found a flagged portal.
  7703 | D:7      | Reached skill level 10 in Fighting
  7718 | Bailey   | Entered a bailey
  7909 | Bailey   | Noticed an orc knight
  8305 | Bailey   | Reached skill level 11 in Fighting
  8347 | Bailey   | Slain by an orc knight

Illustrated notes

Levels and vault maps discovered:
D:1:      dpeg_arrival_long_road, layout_basic, serial_corexii_hall,
          corexii_hall_statues_x, corexii_hall_statues_t, hex_large
D:2:      layout_basic, general_overflow_altar, uniq_terence
D:3:      minmay_recursive_quarters, layout_basic, lemuel_doored_altar,
          cheibrodos_ashenzari_chains
D:4:      layout_basic, minmay_temple_entry_overgrown, serial_shops,
          shop_fountains
D:5:      layout_basic, kennysheep_opposing_triangles, uniq_pikel
D:6:      minmay_cornered_nines, layout_loops_ring, kennysheep_mini_moat,
          kennysheep_minor_cross, grunt_decor_arrowhead, elyvilon_altar_4
D:7:      layout_loops_corners, enter_bailey_2
Temple:   nicolae_temple_x_marks_the_god
Bailey:   bailey_polearm_1, bailey

Skill      XL: |  1  2  3  4  5  6  7  8  9 |
---------------+----------------------------+-----
Dodging        | 2 3 4 5 6 |  6.0
Fighting       | 6 9 11 | 11.0
Stealth        | |  2.4
Spellcasting   | |  2.1
Conjurations   | |  3.6

Action                   |  1- 3 |  4- 6 |  7- 9 || total
-------------------------+-------+-------+-------++-------
Melee: Unarmed           |    54 |       |       ||    54
       Spear             |    15 |   146 |    68 ||   229
       Dagger            |    10 |    61 |   156 ||   227
 Cast: Magic Dart        |    46 |    10 |     1 ||    57
       Searing Ray       |     5 |    17 |    25 ||    47
  Use: Potion            |       |     1 |     4 ||     5
       Scroll            |       |       |     4 ||     4
 Stab: Sleeping          |       |     5 |     2 ||     7
Armor: Robe              |    30 |    83 |    30 ||   143
       Leather armour    |       |       |    31 ||    31
Dodge: Dodged            |    53 |   203 |   214 ||   470
